 Dungeon Crawl Stone Soup version 0.28-a0-401-ge240ad9 (webtiles) character file.

Game seed: 14251061209900336067

399 JoannaLumley the Nimble (level 6, -2/33 HPs)
             Began as a Felid Warper on Sept 4, 2021.
             Slain by a black bear (3 damage)
             ... on level 5 of the Dungeon.
             The game lasted 00:07:15 (5727 turns).

JoannaLumley the Nimble (Felid Warper)              Turns: 5727, Time: 00:07:15

Health: -2/33      AC:  2    Str:  7    XL:     6   Next: 53%
Magic:  10/10      EV: 21    Int: 16    God:
Gold:   61         SH:  0    Dex: 16    Spells: 7/9 levels left
                                        Lives:  0   Deaths: 1

rFire   . . .      SeeInvis +     - Unarmed
rCold   . . .      Faith    .   (shield unavailable)
rNeg    . . .      Spirit   .   (armour unavailable)
rPois   .          Reflect  .   (helmet unavailable)
rElec   .          Harm     .   (cloak unavailable)
rCorr   .          Rampage  .   (gloves unavailable)
Will    .....                   (boots unavailable)
Stlth   ++++......              (no amulet)
HPRegen 0.11/turn               (no ring)
MPRegen 0.12/turn               (no ring)

@: quick
A: very small, claws 1, fangs 3, see invisible, speed 1, shaggy fur 2, stealthy
paws, no weapons or thrown items, no armour, multi-lived
a: no special abilities


You were on level 5 of the Dungeon.
You visited 1 branch of the dungeon, and saw 5 of its levels.

You collected 61 gold pieces.

Inventory:

Wands
 c - a wand of flame (18)
 d - a wand of paralysis (7)
Scrolls
 a - 2 scrolls of blinking
 f - a scroll of teleportation
Potions
 b - a potion of might {unknown}
 e - a potion of heal wounds {unknown}
 g - a potion of lignification {unknown}


   Skills:
 - Level 7.1 Fighting
 - Level 8.1 Dodging
 - Level 7.9 Stealth
 - Level 7.0 Unarmed Combat
 - Level 2.0 Spellcasting
 + Level 5.0 Translocations


You had 7 spell levels left.
You knew the following spells:

 Your Spells              Type           Power      Damage    Failure   Level
a - Blink                 Tloc           N/A        N/A       4%          2

Your spell library contained the following spells:

 Spells                   Type           Power      Damage    Failure   Level
 Gell's Gravitas          Tloc           8%         N/A       8%          3
 Lesser Beckoning         Tloc           17%        N/A       8%          3
 Teleport Other           Tloc           17%        N/A       8%          3
 Manifold Assault         Tloc           17%        N/A       58%         5
 Animate Dead             Necr           0%         N/A       90%         4
 Haunt                    Necr/Summ      0%         N/A       100%        7
 Infestation              Necr           0%         N/A       100%        8


Dungeon Overview and Level Annotations

Branches:
Dungeon (5/15)
 Temple: D:4-7

Altars:
Fedhas

Annotations:
D:2 1 runed translucent door, Crazy Yiuf


Innate Abilities, Weirdness & Mutations

You have sharp claws.
You have razor-sharp teeth.
You have supernaturally acute eyesight. (SInv)
You cover ground quickly. (Speed+)
You are covered in thick fur. (AC +2)
Your paws help you pounce on unaware monsters.
You are incapable of wielding weapons or throwing items.
You cannot wear armour.
You gain extra lives every three experience levels.


Message History

A hound zombie comes into view.
The black bear closely misses you. x2; The black bear claws you.
You see here a smoky coppery potion.
You scratch the black bear.
The black bear is lightly wounded.
The black bear bites you. The black bear misses you.
The black bear closely misses you.
You scratch the black bear.
The black bear is lightly wounded.
The black bear completely misses you. The black bear claws you. x2
You scratch the black bear.
The black bear is moderately wounded.
You scratch the black bear. Your claw misses the black bear.
The black bear is moderately wounded.
The black bear completely misses you. The black bear barely misses you.
The black bear completely misses you.
You claw the black bear! You bite the black bear.
The black bear is severely wounded.
The black bear goes berserk!
You scratch the black bear but do no damage.
The black bear is severely wounded.
The black bear barely misses you. The black bear misses you.
The black bear barely misses you.
You scratch the black bear.
The black bear is almost dead.
The black bear bites you! The black bear claws you.
* * * LOW HITPOINT WARNING * * *
The black bear barely misses you. The black bear bites you.
* * * LOW HITPOINT WARNING * * *
The black bear completely misses you. x2
Aiming: Throw Flame
Press: ? - help, Shift-Dir - straight line, f - black bear
Aim: a black bear (almost dead, berserk, 77% to hit)
The puff of flame hits the black bear.
The black bear is almost dead.
The black bear closely misses you. The black bear barely misses you.
The black bear claws you.
* * * LOW HITPOINT WARNING * * *
The black bear bites you.
You die...

.... .......Z #...
...... #... .$... #
#...##... .#
#+##....... ..###
..........##......
.........s!...⌠..<
#.......h##......
.#....@..##..###
##...<...##.#
##........#+#
#...........#
#................#
#......#.#.###..#...
##.....####.# ......
#..... #......##
#..... ...##..#


You could see a black bear (berserk) and a scorpion.

Vanquished Creatures
  A water moccasin (D:5)
  A water moccasin zombie (D:5)
  An orc priest (D:4)
  A bullfrog skeleton (D:4)
  2 orc wizards (D:4)
  2 hound skeletons (D:4)
  8 adders
  A dart slug (D:4)
  6 orcs
  4 bats
  7 endoplasms
  4 giant cockroaches
  6 goblins
  3 hobgoblins
  3 jackals (D:1)
  A quokka (D:1)
  6 ball pythons
  2 frilled lizards
  3 kobolds
  5 rats (D:1)
67 creatures vanquished.

Notes
Turn   | Place    | Note
-------+----------+-------------------------------------------
     0 | D:1      | JoannaLumley the Felid Warper began the quest for the Orb.
     0 | D:1      | Reached XP level 1. HP: 9/9 MP: 4/4
   245 | D:1      | Reached XP level 2. HP: 5/13 MP: 6/6
  1712 | D:3      | Reached XP level 3. HP: 6/16 MP: 7/7
  2603 | D:2      | Found a runed translucent door.
  2604 | D:2      | Noticed Crazy Yiuf
  2711 | D:2      | Found a blossoming altar of Fedhas.
  3274 | D:3      | Reached XP level 4. HP: 19/21 MP: 8/8
  4158 | D:4      | Learned a level 2 spell: Blink
  4219 | D:4      | Reached skill level 8 in Dodging
  4219 | D:4      | Reached XP level 5. HP: 8/28 MP: 9/9
  4769 | D:4      | Killed from afar by an orc priest
  4770 | D:4      | Reached XP level 4. HP: -5/24 MP: 8/8
  4919 | D:4      | Reached XP level 5. HP: 28/28 MP: 9/9
  5557 | D:5      | Entered Level 5 of the Dungeon
  5557 | D:5      | Noticed a water moccasin
  5558 | D:5      | Killed a water moccasin
  5559 | D:5      | Gained mutation: You are covered in thick fur. (AC +2)
                  | [Felid growth]
  5559 | D:5      | Reached XP level 6. HP: 33/33 MP: 10/10
  5709 | D:5      | Reached skill level 5 in Translocations
  5727 | D:5      | HP: 1/33 [black bear (2)]
  5727 | D:5      | Slain by a black bear

Illustrated notes

Levels and vault maps discovered:
D:1:      dpeg_arrival_tiny_a, layout_rooms
D:2:      minmay_alternating_diamond, layout_rooms, basic_altar,
          uniq_crazy_yiuf_cottage
D:3:      layout_basic, minmay_misc_feat_ornament
D:4:      layout_basic
D:5:      layout_layer_cave, mainiacjoe_overflow_catwalk,
          mainiacjoe_overflow_catch_the_wave, minmay_misc_feat_pillars,
          grunt_ministairs_15, hellmonk_bongcloud_opening, sigmund_army

Skill      XL: |  1  2  3  4  5  6 |
---------------+-------------------+-----
Unarmed Combat | 3 6 7 |  7.0
Fighting       | 3 6 7 |  7.1
Dodging        | 8 |  8.1
Stealth        | 7 |  7.9
Translocations | 5 |  5.0
Spellcasting   | |  2.0

Action                   |  1- 3 |  4- 6 || total
-------------------------+-------+-------++-------
Melee: Unarmed           |   141 |   103 ||   244
       Bite              |    10 |     9 ||    19
       Punch             |     1 |     2 ||     3
Evoke: Wand              |       |     1 ||     1
  Use: Scroll            |     2 |     2 ||     4
       Potion            |       |     2 ||     2
 Stab: Sleeping          |     1 |     5 ||     6
       Distracted        |       |     1 ||     1
Armor: Skin              |     9 |       ||     9
Dodge: Dodged            |   116 |    80 ||   196

Table legend: (Time is in decaauts)
 A = Elapsed time spent in this place.
 B = Non-inter-level travel time spent in this place.
 C = Inter-level travel time spent in this place.
 D = Time resting spent in this place.
 E = Time spent auto-exploring this place.
 F = Levels seen in this place.
 G = Mean time per level.
                   A        B        C        D        E       F      G
               +--------+--------+--------+--------+--------+-----+--------+
         Total |   5216 |   5078 |    138 |   2663 |   1649 |   5 | 1043.2 |
       Dungeon |   5216 |   5078 |    138 |   2663 |   1649 |   5 | 1043.2 |
               +--------+--------+--------+--------+--------+-----+--------+

Top non-repeatable levels by time:
     D:3: 1649 daAuts
     D:1: 1505 daAuts
     D:4: 1183 daAuts
     D:2: 816 daAuts
     D:5: 62 daAuts
